 Dungeon Crawl Stone Soup version 0.27.1 (webtiles) character file.

Game seed: 18160107270985772194

5495 AIAndy the Thaumaturge (level 11, -5/114 HPs)
             Began as a Djinni Fire Elementalist on Aug 29, 2021.
             Was a High Priest of Jiyva.
             Hit by a large rock thrown by a cyclops (9 damage)
             ... on level 10 of the Dungeon.
             The game lasted 00:52:09 (9229 turns).

AIAndy the Thaumaturge (Djinni Fire Elementalist)   Turns: 9229, Time: 00:52:11

Health: -5/114     AC: 25    Str:  9    XL:     11   Next: 1%
Gold:   66         EV:  2    Int: 22    God:    Jiyva [*****.] SH:  0 Dex: 10

rFire    . . .     SeeInvis .   s - +2 short sword (flame)
rCold    . . .     Faith    .   (no shield)
rNeg     + + +     Spirit   .   (armour currently unavailable)
rPois    ∞         Reflect  .   (helmet currently unavailable)
rElec    .         Harm     .   (cloak currently unavailable)
rCorr    +         Rampage  .   (gloves currently unavailable)
Will     +....     NoTele   +   (boots unavailable)
Stlth    ++........             (no amulet)
HPRegen  0.29/turn              (no ring)
MPRegen  0.00/turn              (no ring)

@: tree-form
A: stationary, stasis, torment immunity, boosted hp, sickness immunity, (fire
resistance 2), (cold vulnerability 1), float, innate caster, hp casting, extra
vitality 1, (fangs 1), (jelly sensing items)
a: Renounce Religion, Request Jelly, Slimify, Cure Bad Mutation


You were on level 10 of the Dungeon.
You worshipped Jiyva.
Jiyva was extremely pleased with you.
You were a tree.
You visited 1 branch of the dungeon, and saw 10 of its levels.
You also visited: Sewer.

You collected 129 gold pieces.
You spent 63 gold pieces at shops.


Innate Abilities, Weirdness & Mutations

You are a tree.
Your roots penetrate the ground, keeping you stationary.
You cannot be teleported.
You are immune to unholy pain and torment.
Your maximum health is greatly increased.
Your equipment is partially melded.
You are immune to sickness and miasma.
You are immune to poison.
((Your flesh is very heat resistant. (rF++)))
((You are vulnerable to cold. (rC-)))
You float through the air rather than walking.
You learn spells naturally, not from books.
Your magical power is your life essence.
You have superior vitality. (+4 HP)
((You have very sharp teeth.))
((You have a small jelly attached to you that senses nearby items.))


   Skills:
 + Level 6.1 Fighting
 + Level 3.5 Dodging
 - Level 1.5 Stealth
 + Level 11.0 Spellcasting


You had 3 spell levels left.
You knew the following spells:

 Your Spells              Type           Power      Damage    Failure   Level
a - Apportation           Tloc           100%       N/A       1%          1
c - Conjure Flame         Conj/Fire      57%        6-21      1%          3
d - Dazzling Flash        Conj/Hex       100%       N/A       1%          3
f - Foxfire               Conj/Fire      100%       2x1d9     1%          1
l - Fireball              Conj/Fire      28%        3d12      1%          5
m - Metabolic Englaciati  Hex/Ice        28%        N/A       1%          5
r - Inner Flame           Hex/Fire       57%        N/A       1%          3
w - Wereblood             Tmut           57%        N/A       1%          2
y - Sticky Flame          Conj/Fire      57%        2d7       1%          4
B - Blink                 Tloc           N/A        N/A       1%          2
Your spell library was empty.

Inventory:

Hand Weapons
 c - a +0 short sword
 h - a +1 dagger of venom
 m - the +6 hunting sling of Hecicke {vorpal, rF+ rC+ rCorr Dex-4}
   (You found it on level 6 of the Dungeon)

   Any ammunition fired from it inflicts extra damage upon your enemies.
   Dex:       It affects your dexterity (-4).
   rF:        It protects you from fire.
   rC:        It protects you from cold.
   rCorr:     It protects you from acid and corrosion.
 n - a +2 broad axe of flaming
 q - a +4 mace
 r - a +4 short sword
 s - a +2 short sword of flaming (weapon)
 u - a +5 scimitar of freezing
Armour
 a - a +0 robe (melded)
 j - a +0 pair of gloves (melded)
 o - +0 swamp dragon scales
 v - a +0 helmet (melded)
Wands
 f - a wand of acid (8)
 i - a wand of flame (19)
Scrolls
 b - a scroll of magic mapping {unknown}
 d - a scroll of enchant armour {unknown}
 e - 3 scrolls of identify {unknown}
 k - a scroll of amnesia {unknown}
 l - a scroll of enchant weapon {unknown}
 p - a scroll of noise
Potions
 g - a potion of heal wounds {@q2}
Miscellaneous
 t - a lightning rod (4/4)

Dungeon Overview and Level Annotations

Branches:
Dungeon (10/15)            Temple (0/1) D:4           Sewer (visited)
   Lair: D:8-11         Orc: D:9-12

Altars:
Fedhas
Jiyva

Shops:
D:3 :   D:4 ( D:9

[ .... ..#. ......░
...##... .░ . .......
.░░░ .. ###.....# ...
...#....##.##(# ░░░#
....$..##..C.#....# .
#..............# ..
#.....♣.[.##... ...
##...##..)......
....##..#####.).....#
........# ####....#
.......<####..##....#
................ ....
...#.......##... .).
...#...#....# ... ..
#...........


You could see a cyclops (corroded).


Message History

Aim: a cyclops, quivering large rocks The fireball explodes!
The fireball engulfs the cyclops!
The cyclops is moderately wounded.
* * * LOW HITPOINT WARNING * * *
You hear a shout! x3
The cyclops throws a large rock.
The large rock hits you.
* * * LOW HITPOINT WARNING * * *
Aiming: Fireball (dangerous; 1% risk of failure)
Press: ? - help, Q - select action, (/) - cycle Shift-Dir - straight line, f/p - cyclops
Aim: a cyclops, quivering large rocks (moderately wounded)
The fireball explodes!
The fireball engulfs the cyclops!
The cyclops is heavily wounded.
* * * LOW HITPOINT WARNING * * *
You hear a shout!
Aiming: Fireball (dangerous; 1% risk of failure)
Press: ? - help, Q - select action, (/) - cycle Shift-Dir - straight line, f/p - cyclops
Aim: a cyclops, quivering large rocks (heavily wounded)
The fireball explodes!
The fireball engulfs the cyclops.
The cyclops is heavily wounded.
* * * LOW HITPOINT WARNING * * *
You don't have enough health to cast this spell.
Unknown command.
Aiming: Corrosive Bolt
Press: ? - help, Shift-Dir - straight line, f/p - cyclops
Aim: a cyclops, quivering large rocks (heavily wounded, 98% to hit)
The bolt of acid hits the cyclops!
The cyclops is splashed with acid.
The acid corrodes the cyclops!
The cyclops is almost dead.
The cyclops throws a large rock.
The large rock hits you!
You die...

Skill      XL: |  1  2  3  4  5  6  7  8  9 10 |
---------------+-------------------------------+-----
Spellcasting   | 3 4 5 6 8 10 11 | 11.0
Fighting       | 1 6 |  6.1
Dodging        | 3 |  3.5
Stealth        | |  1.5

Action                   |  1- 3 |  4- 6 |  7- 9 | 10-12 || total
-------------------------+-------+-------+-------+-------++-------
Melee: Unarmed           |     1 |       |       |       ||     1
       Dagger            |       |     3 |    15 |       ||    18
 Cast: Foxfire           |    49 |    63 |   115 |       ||   227
       Conjure Flame     |       |     1 |     5 |       ||     6
       Sticky Flame      |       |       |     3 |       ||     3
       Fireball          |       |       |    23 |    57 ||    80
       Blink             |       |       |       |    10 ||    10
       Dazzling Flash    |       |       |       |     1 ||     1
Evoke: Wand              |       |     1 |     2 |     1 ||     4
  Use: Scroll            |       |       |       |     1 ||     1
       Potion            |       |       |       |     1 ||     1
Armor: Robe              |     5 |     9 |     9 |     6 ||    29
Dodge: Dodged            |    11 |    25 |    20 |     8 ||    64

Levels and vault maps discovered:
D:1:      onia_arrival_zoo_common, layout_rooms,
          hellmonk_ecumenical_altar_pennies_from_heaven
D:2:      layout_loops_ring
D:3:      layout_basic, serial_shops, shop, uniq_sigmund
D:4:      layout_loops_ring, minmay_temple_entry_ruins, serial_shops,
          shop_statue, portal_sewer_entry_c
D:5:      layout_loops_ring, fedhas_altar_fruit_tree
D:6:      layout_loops_corners
D:7:      wander_river, layout_loops_corners, hangedman_minor_gate_pass,
          uniq_maggie
D:8:      layout_gridville
D:9:      layout_irregular_city, serial_shops, shop
D:10:     minmay_chopped_fan, layout_cave_pools, minmay_orc_entry_guard_dogs,
          serial_shops, shop, nooodl_orcs_dogs, uniq_psyche, uniq_nergalle,
          uniq_urug, uniq_snorg

Notes
Turn   | Place    | Note
-------+----------+-------------------------------------------
     0 | D:1      | AIAndy the Djinni Fire Elementalist began the quest for the
                  | Orb.
     0 | D:1      | Reached XP level 1. HP: 15/15 MP: 0/0
     6 | D:1      | Noticed an iguana
     6 | D:1      | Noticed a tyrant leech
     6 | D:1      | Noticed a servant of whispers
     7 | D:1      | Noticed a yaktaur
    89 | D:1      | Found a faded altar of an unknown god.
   103 | D:1      | Became a worshipper of Jiyva Jupn the Shapeless
   103 | D:1      | Reached * piety under Jiyva
   589 | D:2      | Reached XP level 2. HP: 20/21 MP: 0/0
   707 | D:2      | Reached ** piety under Jiyva
   827 | D:2      | Reached skill level 3 in Spellcasting
  1099 | D:2      | Reached XP level 3. HP: 23/25 MP: 0/0
  1099 | D:2      | Learned a level 1 spell: Apportation
  1492 | D:3      | Noticed Sigmund
  1585 | D:3      | Reached XP level 4. HP: 16/31 MP: 0/0
  1602 | D:3      | Found Rook's Book Boutique.
  1710 | D:3      | Reached *** piety under Jiyva
  1816 | D:3      | Killed Sigmund
  1823 | D:3      | Gained mutation: Your body sometimes deteriorates upon
                  | taking damage. [Jiyva's grace]
  1994 | D:3      | Reached skill level 4 in Spellcasting
  1996 | D:3      | Reached XP level 5. HP: 31/35 MP: 0/0
  1996 | D:3      | Learned a level 2 spell: Wereblood
  2265 | D:3      | You are sucked into a shaft and drop 2 floors!
  2265 | D:5      | Entered Level 5 of the Dungeon
  2390 | D:5      | Noticed a centaur
  2397 | D:5      | HP: 3/35 [centaur (3)]
  2398 | D:5      | Killed a centaur
  2399 | D:5      | Reached XP level 6. HP: 4/40 MP: 0/0
  3070 | D:4      | Reached skill level 5 in Spellcasting
  3071 | D:4      | Found a glowing drain.
  3096 | Sewer    | Entered a sewer
  3307 | Sewer    | Noticed Purgy
  3317 | Sewer    | Killed Purgy
  3560 | D:4      | Reached XP level 7. HP: 37/45 MP: 0/0
  3560 | D:4      | Learned a level 2 spell: Blink
  3599 | D:4      | Reached **** piety under Jiyva
  3663 | D:4      | Reached skill level 6 in Spellcasting
  3767 | D:4      | Found a staircase to the Ecumenical Temple.
  3961 | D:4      | Found Bita's Weapon Shoppe.
  4262 | D:3      | Lost mutation: Your body sometimes deteriorates upon taking
                  | damage. [Jiyva's grace]
  4456 | D:5      | Found a blossoming altar of Fedhas.
  5025 | D:6      | Identified the +6 hunting sling of Hecicke {vorpal, rF+ rC+
                  | rCorr Dex-4}
  5032 | D:6      | Reached XP level 8. HP: 44/50 MP: 0/0
  5068 | D:6      | Reached skill level 7 in Spellcasting
  5462 | D:7      | Noticed a vampire
  5574 | D:7      | HP: 2/50 [something (9)]
  5575 | D:7      | Killed a vampire
  5576 | D:7      | Reached skill level 8 in Spellcasting
  6046 | D:7      | Reached ***** piety under Jiyva
  6093 | D:7      | Noticed Maggie
  6102 | D:7      | Killed Maggie
  6172 | D:7      | Reached XP level 9. HP: 19/55 MP: 0/0
  6172 | D:7      | Learned a level 3 spell: Dazzling Flash
  6294 | D:7      | Gained mutation: You have a small jelly attached to you
                  | that senses nearby items. [Jiyva's grace]
  6374 | D:7      | HP: 2/55 [ice beast (12)]
  6743 | D:7      | Reached skill level 9 in Spellcasting
  7320 | D:8      | Reached skill level 10 in Spellcasting
  7354 | D:8      | Reached skill level 1 in Fighting
  7516 | D:8      | Reached XP level 10. HP: 46/64 MP: 0/0
  7900 | D:9      | Reached skill level 2 in Fighting
  7908 | D:9      | Reached skill level 3 in Fighting
  7937 | D:9      | Found Wofres's Armour Shoppe.
  8300 | D:9      | Reached skill level 4 in Fighting
  8434 | D:9      | Reached skill level 5 in Fighting
  8945 | D:9      | Gained mutation: You have very sharp teeth. [Jiyva's grace]
  9032 | D:9      | Bought a +0 helmet for 63 gold pieces
  9187 | D:10     | Entered Level 10 of the Dungeon
  9202 | D:10     | Noticed a centaur warrior
  9205 | D:10     | Killed a centaur warrior
  9206 | D:10     | Reached skill level 3 in Dodging
  9206 | D:10     | Reached skill level 11 in Spellcasting
  9207 | D:10     | Noticed Psyche
  9211 | D:10     | Killed Psyche
  9212 | D:10     | Reached skill level 6 in Fighting
  9212 | D:10     | Reached XP level 11. HP: 18/76 MP: 0/0
  9212 | D:10     | Learned a level 5 spell: Metabolic Englaciation
  9223 | D:10     | Noticed a cyclops
  9229 | D:10     | Hit by a large rock thrown by a cyclops

Vanquished Creatures
  A centaur warrior (D:10)
  Maggie (D:7)
  Psyche (D:10)
  A hornet (D:9)
  A vampire (D:7)
  10 yaks
  A steam dragon (D:6)
  A water moccasin (D:8)
  Purgy (Sewer)
  An ice beast (D:7)
  4 orc warriors
  A black bear (D:4)
  An ogre (D:7)
  2 centaurs
  A kobold brigand (D:9)
  2 bullfrogs
  2 scorpions
  A water moccasin skeleton (D:4)
  11 killer bees
  4 wights (D:9)
  A howler monkey (D:9)
  A bullfrog zombie (D:6)
  3 centaur zombies
  A centaur skeleton (D:4)
  2 hounds
  3 orc priests
  An iguana (D:7)
  5 orc wizards
  A killer bee zombie (D:6)
  A howler monkey zombie (D:9)
  A howler monkey skeleton (D:6)
  4 adders
  A shadow imp (D:4)
  3 worms
  24 orcs
  3 ball pythons (D:4)
  An endoplasm (D:1)
  3 giant cockroaches
  2 goblins
  A jackal (D:3)
  14 kobolds
  4 quokkas
  6 bats
  A jackal skeleton (D:4)
  3 rats
138 creatures vanquished.

Vanquished Creatures (others)
  Sigmund (D:3)
  An orc warrior (D:7)
  An ogre (D:7)
  A centaur (D:6)
  A kobold brigand (D:7)
  A bullfrog (D:7)
  A water moccasin zombie (D:7)
  A water moccasin skeleton (D:6)
  A bullfrog zombie (D:7)
  A gnoll shaman (D:7)
  A hound (D:5)
  A centaur skeleton (D:7)
  3 orc priests (D:7)
  17 jellies
  2 orc wizards
  4 gnolls (D:3)
  3 adders
  A white imp (D:7)
  An ufetubus (D:7)
  A worm (D:3)
  12 orcs
  3 ball pythons
  An endoplasm (D:4)
  2 giant cockroaches
  2 goblins
  3 hobgoblins
  4 jackals
  A quokka (D:3)
  4 bats
  2 frilled lizards (Sewer)
  9 kobolds
  A rat (D:1)
  330 foxfires
418 creatures vanquished.

Grand Total: 556 creatures vanquished

Table legend: (Time is in decaauts)
 A = Elapsed time spent in this place.
 B = Non-inter-level travel time spent in this place.
 C = Inter-level travel time spent in this place.
 D = Time resting spent in this place.
 E = Time spent auto-exploring this place.
 F = Levels seen in this place.
 G = Mean time per level.
                   A        B        C        D        E       F      G
               +--------+--------+--------+--------+--------+-----+--------+
         Total |   9230 |   8833 |    397 |   1748 |   4911 |  11 |  839.1 |
       Dungeon |   8805 |   8408 |    397 |   1748 |   4576 |  10 |  880.5 |
         Sewer |    424 |    424 |      0 |      0 |    335 |   1 |  424.0 |
               +--------+--------+--------+--------+--------+-----+--------+

Top non-repeatable levels by time:
     D:7: 1794 daAuts
     D:8: 1183 daAuts
     D:3: 975 daAuts
     D:5: 957 daAuts
     D:2: 953 daAuts
     D:6: 855 daAuts
     D:9: 753 daAuts
     D:4: 704 daAuts
     D:1: 585 daAuts
   Sewer: 424 daAuts
    D:10: 41 daAuts

Table legend:
 A = Non-vault XP
 B = Vault XP
 C = Vault XP percentage of total XP
 D = Non-vault monster count
 E = Vault monster count
 F = Vault count percentage of total count
                 A         B        C        D         E       F
            +---------+---------+-------+---------+---------+-------
      Total |    5850 |    2001 |  25.5 |     124 |      15 |  10.8
            +---------+---------+-------+---------+---------+-------
        D:1 |       8 |       0 |   0.0 |       5 |       0 |   0.0
        D:2 |      45 |       0 |   0.0 |      11 |       0 |   0.0
        D:3 |     108 |       0 |   0.0 |      15 |       0 |   0.0
        D:4 |     453 |      25 |   5.2 |      19 |       6 |  24.0
        D:5 |     115 |       0 |   0.0 |       2 |       0 |   0.0
        D:6 |     486 |       0 |   0.0 |       9 |       0 |   0.0
        D:7 |    1187 |     528 |  30.8 |      11 |       3 |  21.4
        D:8 |     860 |       0 |   0.0 |      14 |       0 |   0.0
        D:9 |    2547 |       0 |   0.0 |      35 |       0 |   0.0
       D:10 |      41 |    1308 |  97.0 |       3 |       2 |  40.0
      Sewer |       0 |     140 | 100.0 |       0 |       4 | 100.0
            +---------+---------+-------+---------+---------+-------
